 Dungeon Crawl Stone Soup version 0.26.0-11-g8f856b5395 (webtiles) character file.

Game seed: 17011652073281507028

133 inqbanana the Sneak (level 5, -6/44 HPs)
             Began as a Naga Hedge Wizard on Jan 14, 2021.
             Killed by divine providence
             ... invoked by an orc priest
              (13 damage)
             ... on level 3 of the Dungeon.
             The game lasted 00:08:43 (4102 turns).

inqbanana the Sneak (Naga Hedge Wizard)             Turns: 4102, Time: 00:08:43

Health: -6/44      AC:  3    Str: 13    XL:     5   Next: 16%
Magic:  5/10       EV: 10    Int: 15    God:
Gold:   65         SH:  0    Dex: 10    Spells: 3/11 levels left

rFire    . . .     SeeInvis +   a - +0 dagger
rCold    . . .     Faith    .   (no shield)
rNeg     . . .     Spirit   .   b - +0 robe
rPois    +         Reflect  .   e - +0 helmet
rElec    .         Harm     .   (no cloak)
rCorr    .         Rampage  .   (no gloves)
Will     .....                  (no barding)
Stlth    ++........             (no amulet)
HPRegen  0.14/turn              (no ring)
MPRegen  0.12/turn              (no ring)

@: very slow
A: large, see invisible, deformed body, poison resistance, slowness 2, spit
poison 1, AC +1
a: Spit Poison


You were on level 3 of the Dungeon.
You visited 1 branch of the dungeon, and saw 3 of its levels.

You collected 65 gold pieces.

Inventory:

Hand Weapons
 a - a +0 dagger (weapon)
Missiles
 d - 47 stones
 j - 7 silver boomerangs (quivered)
Armour
 b - a +0 robe (worn)
 c - a +0 hat
 e - a +0 helmet (worn)
 h - a +0 chain mail
 l - a +0 kite shield
Scrolls
 f - a scroll of enchant armour
 g - a scroll of fear
 i - a scroll of identify


   Skills:
 + Level 1.5 Fighting
 + Level 1.3 Armour
 + Level 2.2 Dodging
 + Level 4.2 Stealth
 + Level 3.7 Spellcasting
 + Level 1.1 Conjurations
 + Level 1.1 Summonings
 + Level 1.0 Translocations
 + Level 0.1 Air Magic
 + Level 0.1 Poison Magic


You had 3 spell levels left.
You knew the following spells:

 Your Spells              Type           Power        Failure   Level
a - Magic Dart            Conj           24%          12%         1
b - Call Imp              Summ           6%           19%         2
c - Blink                 Tloc           N/A          19%         2
d - Mephitic Cloud        Conj/Pois/Air  4%           43%         3

Your spell library contained the following spells:

 Spells                   Type           Power        Failure   Level
 Slow                     Hex            2%           28%         2
 Conjure Flame            Conj/Fire      4%           41%         3


Dungeon Overview and Level Annotations

Branches:
Dungeon (3/15)

Altars:
Cheibriados
Sif Muna


Innate Abilities, Weirdness & Mutations

You cannot wear boots.
Your serpentine skin is tough. (AC +1)
You have supernaturally acute eyesight. (SInv)
Armour fits poorly on your strangely shaped body.
Your system is resistant to poisons. (rPois)
You cover ground very slowly.
You can spit poison.


Message History

The orc hits your white imp with a +0 hand axe.
A poisoned dart appears from out of your range of vision.
A kobold comes into view. It is wielding a +0 club.
Your magical contamination has completely faded away.
You hit the kobold.
The kobold is moderately wounded.
Your white imp disappears in a puff of smoke!
The kobold hits you with a +0 club.
* * * LOW HITPOINT WARNING * * *
You hit the kobold.
You kill the kobold!
Things that are here:
a +0 club; a kobold corpse You hit the orc.
The orc is moderately wounded.
The orc hits you with a +0 hand axe!
* * * LOW HITPOINT WARNING * * *
The orc priest invokes the aid of Beogh against you.
Beogh smites you!
You die...

.###............
................
................ #....# #.##.#
#.##o# # #.# #5##)# .
.....##)##o##o# . .
..##...##..@(.#o........ #
#.##...##.##..#.##..#....
######......#..............#.###
#......##.......?....##.........
#.#.##.##.).#..##...............
#.#.........#..##........#.#..#
#.#.##.###......^...###.......#
.............................###
#.#.##.######..###..###.........


You could see an orc priest and an orc.

Vanquished Creatures
  5 adders
  4 dart slugs
  2 leopard geckos (D:1)
  2 orcs (D:3)
  2 bats (D:1)
  5 giant cockroaches
  9 goblins
  6 hobgoblins
  10 jackals
  A quokka (D:3)
  7 frilled lizards
  6 kobolds
  9 rats
68 creatures vanquished.

Vanquished Creatures (collateral kills)
  A worm (D:2)
  An orc (D:3)
  A giant cockroach (D:3)
  A goblin (D:2)
  A frilled lizard (D:2)
5 creatures vanquished.

Grand Total: 73 creatures vanquished

Notes
Turn   | Place    | Note
-------+----------+-------------------------------------------
     0 | D:1      | inqbanana the Naga Hedge Wizard began the quest for the
                  | Orb.
     0 | D:1      | Reached XP level 1. HP: 15/15 MP: 4/4
   498 | D:1      | Found a snail-covered altar of Cheibriados.
   510 | D:1      | Reached XP level 2. HP: 22/22 MP: 0/6
  1401 | D:1      | Reached XP level 3. HP: 12/28 MP: 0/8
  2308 | D:2      | Reached skill level 1 in Fighting
  2308 | D:2      | Reached XP level 4. HP: 23/38 MP: 9/9
  2343 | D:2      | Reached skill level 1 in Armour
  2839 | D:2      | Reached skill level 4 in Stealth
  2889 | D:2      | Found a shimmering blue altar of Sif Muna.
  3015 | D:2      | HP: 1/38 [worm (10)]
  3405 | D:2      | Learned a level 2 spell: Call Imp
  3408 | D:2      | Learned a level 2 spell: Blink
  3412 | D:2      | Learned a level 3 spell: Mephitic Cloud
  3890 | D:3      | Reached XP level 5. HP: 44/44 MP: 10/10
  4086 | D:3      | HP: 2/44 [orc priest/+0 dagger (3)]
  4102 | D:3      | Killed from afar by an orc priest

Illustrated notes

Levels and vault maps discovered:
D:1:      minmay_arrival_shattered_statue, layout_rooms, minivault_4,
          cheibriados_altar_1
D:2:      layout_basic, led_sif_pool
D:3:      layout_basic, nicolae_gozag_seed_capital

Skill      XL: |  1  2  3  4 |
---------------+-------------+-----
Dodging        | 2 |  2.2
Fighting       | 1 |  1.5
Armour         | 1 |  1.3
Stealth        | 4 |  4.2
Spellcasting   | |  3.7
Conjurations   | |  1.1
Summonings     | |  1.1
Translocations | |  1.0
Air Magic      | |  0.1
Poison Magic   | |  0.1

Action                   |  1- 3 |  4- 6 || total
-------------------------+-------+-------++-------
Melee: Dagger            |    90 |   148 ||   238
Throw: Stone             |       |     3 ||     3
 Cast: Magic Dart        |    31 |    15 ||    46
       Call Imp          |       |    11 ||    11
 Abil: Spit Poison       |    23 |    22 ||    45
  Use: Potion            |     5 |     1 ||     6
       Scroll            |     2 |     1 ||     3
 Stab: Sleeping          |     1 |     3 ||     4
Armor: Robe              |     9 |    24 ||    33
       Chain mail        |    45 |    44 ||    89
Dodge: Dodged            |    53 |    69 ||   122
